 Dungeon Sprint DCSS version 0.27-a0-1105-g946c659c87 (webtiles) character file.

Game seed: 17203334845299907364

868 mhtbhm the Arsonist (level 7, -3/33 (36) HPs)
             Began as a Deep Elf Fire Elementalist on May 1, 2021.
             Was a Priest of Vehumet.
             Killed from afar by an eidolon (36 damage)
             ... with a bolt of negative energy
             ... in the Dungeon (Sprint V: "Ziggurat Sprint").
             The game lasted 00:01:39 (365 turns).

mhtbhm the Arsonist (Deep Elf Fire Elementalist)     Turns: 365, Time: 00:01:39

HP:   -3/33 (36)    AC:  5    Str:  5    XL:     7   Next: 73%
MP:   23/23         EV: 15    Int: 34    God:    Vehumet [***...]
Gold: 0             SH:  0    Dex: 15    Spells: 11/27 levels left

rFire    + . .     SeeInvis +   C - +8 lance "Wyrmbane" {slay drac, rPois rF+ rC+ AC+3}
rCold    + . .     Faith    .   (no shield)
rNeg     . . .     Spirit   .   a - +0 robe
rPois    +         Reflect  .   s - +0 mask of the Dragon {Will+ Slay+3 SInv}
rElec    .         Harm     .   (no cloak)
rCorr    .         Rampage  .   (no gloves)
Will     +....     NoTele   +   (no boots)
Stlth    +++.......             t - amulet of the acrobat
HPRegen  0.11/turn              u - +6 ring of intelligence
MPRegen  0.18/turn              v - +6 ring of intelligence

@: drained
A: no striking features
a: Renounce Religion


You were in the Dungeon.
You worshipped Vehumet.
Vehumet was most pleased with you.
You visited 1 branch

Inventory:

Hand Weapons
 C - the +8 lance "Wyrmbane" (weapon) {slay drac, rPois rF+ rC+ AC+3}
   (You found it in the Dungeon)

   It affects your AC (+3).
   It protects you from fire.
   It protects you from cold.
   It protects you from poison.
Armour
 a - a +0 robe (worn)
 s - the +0 mask of the Dragon (worn) {Will+ Slay+3 SInv}
   (You found it in the Dungeon)

   It affects your accuracy and damage with ranged weapons and melee attacks
   (+3).
   It lets you see invisible.
   It increases your willpower.
Jewellery
 r - the ring of Erroezops {rN+ Will++}
   (You found it in the Dungeon)

   [ring of positive energy]

   It protects you from negative energy.
   It greatly increases your willpower.
 t - an amulet of the acrobat (around neck)
 u - a +6 ring of intelligence (left hand)
 v - a +6 ring of intelligence (right hand)
Wands
 y - a wand of mindburst (7)
 z - a wand of iceblast (4)
 A - a wand of acid (7)
Scrolls
 h - 4 scrolls of blinking
 m - 4 scrolls of amnesia
 n - 7 scrolls of fog
 o - a scroll of holy word
 p - 5 scrolls of identify
 q - 2 scrolls of fear
Potions
 b - 2 potions of brilliance
 c - 10 potions of curing
 d - 10 potions of heal wounds
 e - 6 potions of haste
 f - 7 potions of magic
 g - 3 potions of berserk rage
 i - 2 potions of invisibility
 j - 4 potions of resistance
 k - a potion of experience
 l - 5 potions of might
Miscellaneous
 B - a lightning rod (4/4)


   Skills:
 + Level 6.6 Dodging
 - Level 7.0 Stealth
 + Level 10.8 Spellcasting
 + Level 4.5 Conjurations
 + Level 13.1 Fire Magic
 + Level 3.2 Evocations


You had 11 spell levels left.
You knew the following spells:

 Your Spells              Type           Power      Damage    Failure   Level
a - Foxfire               Conj/Fire      100%       2x1d9     1%          1
b - Conjure Flame         Conj/Fire      68%        6-21      1%          3
c - Inner Flame           Hex/Fire       58%        N/A       1%          3
d - Sticky Flame          Conj/Fire      68%        2d8       1%          4
e - Fireball              Conj/Fire      34%        3d14      1%          5

Your spell library contained the following spells:

 Spells                   Type           Power      Damage    Failure   Level
 Poisonous Vapours        Pois/Air       36%        N/A       1%          2
 Corona                   Hex            20%        N/A       2%          1
 Slow                     Hex            18%        N/A       3%          2
 Portal Projectile        Hex/Tloc       36%        N/A       8%          3
 Cause Fear               Hex            9%         N/A       24%         4
 Leda's Liquefaction      Hex/Erth       9%         N/A       24%         4


Dungeon Overview and Level Annotations

Branches:
Dungeon (1/1)

Altars:
Ashenzari
Cheibriados
Dithmenos
Elyvilon
Fedhas
Gozag
Hepliaklqana
Kikubaaqudgha
Makhleb
Nemelex Xobeh
Okawaru
Qazlal
Ru
Sif Muna
Trog
Uskayaw
Vehumet
Wu Jian
Xom
Yredelemnul
Zin
The Shining One
Beogh
Jiyva
Lugonu


Message History

The river rat is almost dead.
Unknown command.
Casting: Fireball (dangerous; 1% risk of failure)
Confirm with . or Enter, or press ? or * to list all spells.
You don't know that spell.
Casting: Fireball (dangerous; 1% risk of failure)
Confirm with . or Enter, or press ? or * to list all spells.
Aiming: Fireball (dangerous; 1% risk of failure)
Press: ? - help, Shift-Dir - straight line, f - iguana
Aim: an iguana (wandering, hasn't noticed you)
The fireball explodes!
The fireball engulfs the iguana!
You kill the iguana!
Vehumet accepts your kill.
You feel your power returning.
The fireball engulfs the river rat!!
You kill the river rat!
Vehumet accepts your kill.
You feel your power returning.
Unknown command.
Unknown command.
Things that are here:
a +4 scimitar of electrocution; a river rat corpse You see here a +3 lajatang of speed.
w - a +4 ring of protection Drop what? 28/52 slots (_ for help) (? for menu, Esc to quit)
You drop a +4 ring of protection.
You see here a +3 lajatang of speed.
You see here a +2 chain mail of cold resistance.
You start resting.
Magic restored.
You see here a +3 lajatang of speed.
There is a transporter here.
Welcome to arena 5.
You enter the transporter and appear at another place.
A crimson imp, 2 white imps, an ufetubus and an eidolon come into view.
The eidolon gives a chilling moan.
The white imp shouts!
The eidolon stares piercingly at you.
The bolt of negative energy misses the white imp.
The bolt of negative energy hits you!!!
You feel drained.
Ouch! That really hurt!
You die...

▓..©..▓..©..▓▓▓▓▓▓▓
▓▓▓▓▓▓▓▓▓▓▓▓▓▓▓▓▓▓▓
▓..8©8...▓..858...▓
▓..=)[...▓..[5W...▓
▓...)....▓..:.:...▓
▓........▓...55...▓
▓........▓........▓
▓.▓....▓.▓.▓....▓.▓
▓...©....▓...@....▓
▓▓▓▓▓▓▓▓▓▓▓▓▓▓▓▓▓▓▓


You could see an eidolon, a crimson imp (wandering), 2 white imps and an
ufetubus (wandering).

Vanquished Creatures
  A rime drake (D)
  2 steam dragons (D)
  2 hell hounds (D)
  A swamp drake (D)
  An iguana (D)
  2 river rats (D)
  An adder skeleton (D)
  A bat skeleton (D)
  A bat zombie (D)
  A jackal (D)
13 creatures vanquished.

Vanquished Creatures (others)
  6 foxfires (D)
6 creatures vanquished.

Grand Total: 19 creatures vanquished

Notes
Turn   | Place    | Note
-------+----------+-------------------------------------------
     0 | D        | mhtbhm the Deep Elf Fire Elementalist began the quest for
                  | the Orb.
     0 | D        | Reached XP level 1. HP: 10/10 MP: 6/6
     0 | D        | Found a shimmering blue altar of Sif Muna.
     0 | D        | Found a bloodstained altar of Trog.
     0 | D        | Found a sacrificial altar of Ru.
     0 | D        | Found a stormy altar of Qazlal.
     0 | D        | Found an iron altar of Okawaru.
     1 | D        | Found a sparkling altar of Nemelex Xobeh.
     1 | D        | Found a blossoming altar of Fedhas.
     2 | D        | Found the +6 Majin-Bo {vamp, MP+6 Int+6}
     2 | D        | Found the +9 heavy crossbow "Sniper" {vorpal, Acc+∞ SInv}
     2 | D        | Found the +10 dark maul {vorpal}
     2 | D        | Found the +15 Maxwell's patent armour {-Cast -Tele rElec
                  | Will+ rCorr}
     2 | D        | Found the +18 shield of the Gong {rElec rN+ Will+ EV-5}
     2 | D        | Found the +14 obsidian axe {vorpal, Drain Fly SInv}
     2 | D        | Found the +7 great mace "Firestarter" {inner flame, rF++}
     2 | D        | Found the +6 shillelagh "Devastator" {shatter}
     2 | D        | Found the +11 plutonium sword {Contam Stlth-}
     2 | D        | Found the +8 lance "Wyrmbane" {slay drac, rPois rF+ rC+
                  | AC+3}
     2 | D        | Found the +9 sword of Zonguldrok {reap}
     2 | D        | Found the +13 scythe of Curses {drain, Drain}
     2 | D        | Found the +5 sword of Power {vorpal}
     2 | D        | Found the +7 mace of Variability {chain chaos}
     2 | D        | Found the +7 Singing Sword {vorpal, sonic wave}
     2 | D        | Found the +8 storm bow {elec, penet}
     3 | D        | Found a transporter.
     3 | D        | Found an ancient bone altar of Kikubaaqudgha.
     3 | D        | Found a viscous altar of Jiyva.
     3 | D        | Found a corrupted altar of Lugonu.
     3 | D        | Found a hazy altar of Hepliaklqana.
     3 | D        | Found a burning altar of Makhleb.
     3 | D        | Found an opulent altar of Gozag.
    35 | D        | Became a worshipper of Vehumet
    55 | D        | Entered arena 2.
    55 | D        | Found a transporter.
    60 | D        | Reached skill level 4 in Fire Magic
    64 | D        | Got the ring of Erroezops {rN+ Will++}
   109 | D        | Entered arena 3.
   109 | D        | Noticed a hell hound
   109 | D        | Noticed a hell hound
   109 | D        | Found a transporter.
   110 | D        | Found the +0 mask of the Dragon {Will+ Slay+3 SInv}
   111 | D        | Killed a hell hound
   111 | D        | Reached * piety under Vehumet
   111 | D        | Offered knowledge of Shock by Vehumet.
   112 | D        | Reached skill level 7 in Fire Magic
   112 | D        | Reached XP level 2. HP: 15/15 MP: 7/11
   112 | D        | Reached XP level 3. HP: 19/19 MP: 8/13
   112 | D        | Reached XP level 4. HP: 24/24 MP: 8/14
   114 | D        | Killed a hell hound
   115 | D        | Reached skill level 5 in Stealth
   115 | D        | Reached skill level 9 in Fire Magic
   115 | D        | Reached skill level 1 in Evocations
   115 | D        | Reached XP level 5. HP: 18/28 MP: 9/17
   170 | D        | Learned a level 3 spell: Conjure Flame
   174 | D        | Learned a level 3 spell: Inner Flame
   179 | D        | Learned a level 4 spell: Sticky Flame
   185 | D        | Learned a level 5 spell: Fireball
   221 | D        | Entered arena 4.
   221 | D        | Noticed a swamp drake
   221 | D        | Noticed a steam dragon
   221 | D        | Noticed a steam dragon
   221 | D        | Noticed a rime drake
   221 | D        | Found a transporter.
   224 | D        | Killed a swamp drake
   224 | D        | Reached ** piety under Vehumet
   224 | D        | Killed a steam dragon
   224 | D        | Killed a steam dragon
   225 | D        | Reached skill level 12 in Fire Magic
   225 | D        | Reached XP level 6. HP: 24/32 MP: 3/20
   225 | D        | Reached XP level 7. HP: 27/36 MP: 3/22
   225 | D        | Killed a rime drake
   226 | D        | Reached skill level 10 in Spellcasting
   226 | D        | Reached skill level 13 in Fire Magic
   324 | D        | Entered arena 5.
   324 | D        | Found a transporter.
   325 | D        | Reached *** piety under Vehumet
   325 | D        | Offered knowledge of Poisonous Vapours by Vehumet.
   365 | D        | Entered arena 6.
   365 | D        | Noticed an eidolon
   365 | D        | Found a transporter.
   365 | D        | Killed from afar by an eidolon

Illustrated notes

Levels and vault maps discovered:
D:        sprint_v [room_start, room_1, room_2, room_3, room_4, room_5, room_6,
          room_7, room_8, room_9, room_10, room_11, room_12, room_13, room_14,
          room_15, room_16, room_17, room_18, room_19, room_20, room_21,
          room_22, room_23, room_24, room_25, room_26, room_27]

Skill      XL: |  1  2  3  4  5  6  7 |
---------------+----------------------+-----
Fire Magic     | 7 9 12 13 | 13.1
Dodging        | 4 6 |  6.6
Stealth        | 4 5 6 7 |  7.0
Spellcasting   | 6 7 9 10 | 10.8
Conjurations   | 2 4 |  4.5
Evocations     | 1 2 3 |  3.2

Action                   |  1- 3 |  4- 6 |  7- 9 || total
-------------------------+-------+-------+-------++-------
 Cast: Foxfire           |     4 |       |       ||     4
       Fireball          |       |     3 |     2 ||     5
Evoke: Wand              |     2 |     1 |       ||     3
       Lightning rod     |       |     2 |     1 ||     3
Armor: Robe              |     1 |     1 |       ||     2
Dodge: Dodged            |     4 |     3 |       ||     7

Table legend: (Time is in decaauts)
 A = Elapsed time spent in this place.
 B = Non-inter-level travel time spent in this place.
 C = Inter-level travel time spent in this place.
 D = Time resting spent in this place.
 E = Time spent auto-exploring this place.
 F = Levels seen in this place.
 G = Mean time per level.
                   A        B        C        D        E       F      G
               +--------+--------+--------+--------+--------+-----+--------+
         Total |    363 |    363 |      0 |    219 |      0 |   1 |  363.0 |
       Dungeon |    363 |    363 |      0 |    219 |      0 |   1 |  363.0 |
               +--------+--------+--------+--------+--------+-----+--------+

Top non-repeatable levels by time:
       D: 363 daAuts
